 Dungeon Crawl Stone Soup version 0.30-a0-711-gf4ac18a38d (webtiles) character file.

Game seed: 13818004914167412467

856 demibob the Ruffian (level 7, -11/49 (52) HPs)
             Began as a Purple Draconian Transmuter on Jan 22, 2023.
             Was a Follower of Sif Muna.
             Mangled by a wight
             ... wielding a +1 battleaxe
              (15 damage)
             ... on level 6 of the Dungeon.
             The game lasted 00:09:09 (4911 turns).

demibob the Ruffian (Purple Draconian Transmuter)   Turns: 4911, Time: 00:09:10

HP:   -11/49 (52)   AC:  2    Str: 19    XL:     7   Next: 70%
MP:   10/14         EV: 19    Int: 15    God:    Sif Muna [*.....]
Gold: 280           SH:  0    Dex: 16    Spells: 9/15 levels left

rFire   . . .      SeeInvis .      - Unarmed
rCold   . . .      Faith    .    (shield currently unavailable)
rNeg    + . .      Spirit   .    (body armour unavailable)
rPois   x          Reflect  .    (helmet currently unavailable)
rElec   .          Harm     .    (cloak currently unavailable)
rCorr   .          Rampage  .    (gloves currently unavailable)
Will    +....                    (boots currently unavailable)
Stlth   +                        (no amulet)
HPRegen 0.28/turn                N - ring of positive energy
MPRegen 0.14/turn                S - +6 ring of strength

@: spider-form, wereblooded, drained
A: venomous fangs, (breathe power), AC +6, tiny, unfitting armour,
(cold-blooded)
a: End Transformation, Renounce Religion, Channel Magic


You were on level 6 of the Dungeon.
You worshipped Sif Muna.
Sif Muna was aware of your devotion.
You were a venomous arachnid creature.
You visited 1 branch of the dungeon, and saw 6 of its levels.

You collected 294 gold pieces.
You spent 14 gold pieces at shops.


Innate Abilities, Weirdness & Mutations

You are a venomous arachnid creature.
You have venomous fangs.
You are tiny and dextrous.
Your spellcasting is less reliable in this form.
Your armour is entirely melded.
You are incapable of wielding weapons or throwing items.
((You can breathe bolts of dispelling energy.))
((Your rich purple scales are hard. (AC +6)))
You cannot fit into any form of body armour.
((You are cold-blooded and may be slowed by cold attacks.))


   Skills:
 - Level 1.1 Fighting
 - Level 1.7 Dodging
 * Level 6.9 Unarmed Combat
 + Level 4.7 Spellcasting
 - Level 4.1 Transmutations
 - Level 2.8 Poison Magic


You had 9 spell levels left.
You knew the following spells:

 Your Spells              Type           Power      Damage    Failure   Level
b - Beastly Appendage     Tmut           30%        N/A       11%         1
s - Spider Form           Tmut/Pois      13%        N/A       28%         3
w - Wereblood             Tmut           15%        N/A       14%         2

Your spell library contained the following spells:

 Spells                   Type           Power      Damage    Failure   Level
 Passwall                 Tmut/Erth      7%         N/A       26%         2
 Ensorcelled Hibernation  Hex/Ice        6%         N/A       47%         2
 Swiftness                Air            3%         N/A       67%         3
 Ice Form                 Ice/Tmut       9%         N/A       78%         4

Inventory:

Jewellery
 b - an amulet of guardian spirit
 s - a +6 ring of strength
 N - a ring of positive energy (left front pincers)
 S - a +6 ring of strength (right front pincers)
Wands
 l - a wand of roots (13)
Scrolls
 c - a scroll of identify {@r1}
Potions
 a - a potion of lignification
 d - a potion of mutation
 e - 2 potions of haste {@q3}
 g - 2 potions of flight
 i - a potion of magic
 j - a potion of ambrosia {unknown}
 m - a potion of brilliance
 n - a potion of berserk rage {!q}

Dungeon Overview and Level Annotations

Branches:
Dungeon (6/15)
 Temple: D:4-7

Altars:
Elyvilon
Hepliaklqana
Sif Muna
Wu Jian
Xom
Yredelemnul

Shops:
D:2 *:[!(   D:4 (   D:6 *

Annotations:
D:5 2 runed translucent doors, quinnr's ghost, novice NaAE

##.......#
.....>..#
#.......
#......
#..zY. #
#.#.... ▒.
#.....##
▒.######)!#
▒..szYzz#.#
▒o#####...#
##### ▒
##..#.....#
#..#.#§≈. ≈#
#....#§▒+▒≈##
#.##...+∩+..#
#.....≈▒'▒≈.#
#.....≈≈.≈≈.#
##..........#


You could see an ice beast (fleeing), 3 wights and an orc (fleeing).


Message History

The orc completely misses you.
You hit the orc.
The orc is poisoned.
The orc is severely wounded.
You feel a bit better.
You kill the orc!
Sif Muna accepts your kill. The wight attacks as you move away!
The wight misses you. Something barely misses you.
You see here a +0 war axe.
You barely miss something.
You hear some strange, mumbled words.
A magic dart appears from out of thin air!
The magic dart hits you! The wight closely misses you.
You hit something. Something hits you. The wight hits you with a +1 battleaxe!
* * * LOW HITPOINT WARNING * * *
You partially resist.
You feel drained.
You barely miss something. Something hits you.
* * * LOW HITPOINT WARNING * * *
The wight hits you with a +1 battleaxe!
* * * LOW HITPOINT WARNING * * *
You hit something. Something hits you.
* * * LOW HITPOINT WARNING * * *
The wight hits you with a +1 battleaxe!
* * * LOW HITPOINT WARNING * * *
You partially resist.
You feel drained.
As you read the scroll of fear, it crumbles to dust.
You assume a fearsome visage.
The wight is unaffected. x4
The ice beast looks frightened!
The orc looks frightened!
The wight hits you with a +1 battleaxe!
You die...

Skill      XL: |  1  2  3  4  5  6  7 |
---------------+----------------------+-----
Transmutations | 3 4 |  4.1
Unarmed Combat | 4 5 6 |  6.9
Poison Magic   | 1 2 |  2.8
Spellcasting   | 3 4 |  4.7
Fighting       | |  1.1
Dodging        | |  1.7

Action                     |  1- 3 |  4- 6 |  7- 9 || total
---------------------------+-------+-------+-------++-------
  Melee: Unarmed           |   153 |   205 |    70 ||   428
         Tailslap          |    13 |    30 |     5 ||    48
         Punch             |     5 |     5 |     2 ||    12
         Kick              |     4 |    11 |       ||    15
         Headbutt          |     3 |    11 |     1 ||    15
   Cast: Beastly Appendage |     5 |     5 |     1 ||    11
         Wereblood         |       |     2 |     1 ||     3
         Spider Form       |       |       |     3 ||     3
    Use: Scroll            |     6 |     8 |     6 ||    20
         Potion            |       |     1 |     3 ||     4
   Stab: Sleeping          |     1 |       |       ||     1
         Distracted        |       |     1 |       ||     1
 Armour: Skin              |    43 |    60 |    14 ||   117
  Dodge: Dodged            |   101 |   104 |    47 ||   252

Levels and vault maps discovered:
D:1:      dpeg_arrival_morbid_curiosity, layout_loops_ring
D:2:      layout_basic, dreamdust_ecumenical_altar_angels_and_demons,
          serial_shops, shop, shop, nicolae_shop_hallway_stairs,
          nicolae_lakefront_shop, shop, hangedman_feature_mirror
D:3:      layout_loops_ring, nicolae_overflow_ecumenical_swirl,
          minmay_box_of_dots
D:4:      layout_gridville, serial_shops, nicolae_shop_bloodbath_and_beyond
D:5:      layout_basic, kennysheep_ying_yang, regret_index_temple_of_mockery,
          mainiacjoe_overflow_alcove_1, ebering_ghost_disaster_area
D:6:      kennysheep_big_flooded_room, layout_rooms,
          gammafunk_temple_overflow_elements, temple_pool_b,
          gammafunk_ghost_smash, enter_ossuary_4, serial_shops,
          kennysheep_mini_moat, uniq_edmund, uniq_pikel, uniq_blork_the_orc

Notes
Turn   | Place    | Note
-------+----------+-------------------------------------------
     0 | D:1      | demibob the Draconian Transmuter began the quest for the
                  | Orb.
     0 | D:1      | Reached XP level 1. HP: 16/16 MP: 3/3
   193 | D:1      | Reached XP level 2. HP: 15/23 MP: 5/5
   886 | D:1      | Reached XP level 3. HP: 28/28 MP: 6/6
  1061 | D:2      | Learned a level 2 spell: Wereblood
  1083 | D:2      | Reached skill level 3 in Transmutations
  1145 | D:2      | Found the +7 Kryia's mail coat {PotionHeal*2 rC+}
  1207 | D:2      | Found Mestog's General Store.
  1226 | D:2      | Found Vohiaph's Book Shop.
  1315 | D:2      | Found Gosympe's Distillery.
  1324 | D:2      | Bought a potion of degeneration for 14 gold pieces
  1421 | D:2      | Reached skill level 4 in Unarmed Combat
  1474 | D:2      | Reached XP level 4. HP: 30/35 MP: 5/7
  1616 | D:2      | Found a faded altar of an unknown god.
  1674 | D:2      | Found Fefaus's Weapon Shoppe.
  1927 | D:2      | Found Etugix's Antique Armour Emporium.
  2104 | D:3      | Found a faded altar of an unknown god.
  2112 | D:3      | Found a shimmering blue altar of Sif Muna.
  2141 | D:3      | Identified the +10 sling of Kicouzot {heavy, rCorr Int-4
                  | Dex+3}
  2531 | D:3      | Reached XP level 5. HP: 38/40 MP: 8/8
  2545 | D:3      | Reached skill level 4 in Transmutations
  2726 | D:3      | Learned a level 3 spell: Spider Form
  2980 | D:3      | Became a worshipper of Sif Muna the Loreminder
  3022 | D:4      | Found Canlaiqa's Weapon Boutique.
  3132 | D:4      | Noticed an ogre
  3152 | D:4      | Killed an ogre
  3153 | D:4      | Reached skill level 5 in Unarmed Combat
  3153 | D:4      | Reached skill level 1 in Poison Magic
  3156 | D:4      | Reached XP level 6. HP: 43/47 MP: 6/9
  3464 | D:5      | Entered Level 5 of the Dungeon
  3529 | D:5      | Noticed a water moccasin
  3539 | D:5      | Killed a water moccasin
  3540 | D:5      | Reached skill level 3 in Spellcasting
  3540 | D:5      | Reached skill level 2 in Poison Magic
  3736 | D:5      | Found a hazy altar of Hepliaklqana.
  3737 | D:5      | Found a shimmering altar of Xom.
  3739 | D:5      | Noticed a spectral ugly thing
  3743 | D:5      | Your scales start taking on a rich purple colour.
  3743 | D:5      | Reached XP level 7. HP: 47/52 MP: 10/12
  3824 | D:5      | Reached skill level 6 in Unarmed Combat
  3824 | D:5      | Reached skill level 4 in Spellcasting
  3997 | D:5      | Found a white marble altar of Elyvilon.
  4128 | D:5      | Found a basalt altar of Yredelemnul.
  4337 | D:5      | Found a large runed translucent door.
  4337 | D:5      | Found a large runed translucent door.
  4339 | D:5      | Noticed quinnr's ghost (novice NaAE)
  4363 | D:5      | Found an ornate altar of the Wu Jian Council.
  4661 | D:6      | HP: 5/52 [acid (6)]
  4665 | D:6      | Reached * piety under Sif Muna
  4671 | D:6      | HP: 4/52 [something (5)]
  4857 | D:6      | Found Niwnehiv's Assorted Antiques.
  4910 | D:6      | HP: 3/50 [wight/+1 battleaxe (7)]
  4911 | D:6      | Mangled by a wight

Vanquished Creatures
  A water moccasin (D:5)
  A sky beast (D:6)
  An ogre (D:4)
  A scorpion (D:5)
  A necrophage (D:5)
  3 hounds (D:5)
  2 jellies
  3 iguanas
  An orc wizard (D:3)
  A gnoll (D:3)
  8 adders
  A shadow imp (D:5)
  An ufetubus (D:5)
  3 worms
  3 dart slugs
  11 orcs
  6 bats
  4 endoplasms
  3 giant cockroaches
  6 goblins
  8 hobgoblins
  4 jackals
  3 quokkas
  9 ball pythons
  2 frilled lizards
  9 kobolds
  7 rats
103 creatures vanquished.

Table legend: (Time is in decaauts)
 A = Elapsed time spent in this place.
 B = Non-inter-level travel time spent in this place.
 C = Inter-level travel time spent in this place.
 D = Time resting spent in this place.
 E = Time spent auto-exploring this place.
 F = Levels seen in this place.
 G = Mean time per level.
                   A        B        C        D        E       F      G
               +--------+--------+--------+--------+--------+-----+--------+
         Total |   4876 |   4682 |    194 |    408 |   3366 |   6 |  812.7 |
       Dungeon |   4876 |   4682 |    194 |    408 |   3366 |   6 |  812.7 |
               +--------+--------+--------+--------+--------+-----+--------+

Top non-repeatable levels by time:
     D:5: 1352 daAuts
     D:1: 1053 daAuts
     D:2: 966 daAuts
     D:3: 929 daAuts
     D:4: 490 daAuts
     D:6: 84 daAuts

Table legend:
 A = Non-vault XP
 B = Vault XP
 C = Vault XP percentage of total XP
 D = Non-vault monster count
 E = Vault monster count
 F = Vault count percentage of total count
                 A         B        C        D         E       F
            +---------+---------+-------+---------+---------+-------
      Total |    1183 |      41 |   3.3 |      92 |      10 |   9.8
            +---------+---------+-------+---------+---------+-------
        D:1 |      35 |       8 |  18.6 |      23 |       5 |  17.9
        D:2 |      68 |      15 |  18.1 |      17 |       2 |  10.5
        D:3 |      94 |      18 |  16.1 |      20 |       3 |  13.0
        D:4 |     197 |       0 |   0.0 |      16 |       0 |   0.0
        D:5 |     607 |       0 |   0.0 |      13 |       0 |   0.0
        D:6 |     182 |       0 |   0.0 |       3 |       0 |   0.0
            +---------+---------+-------+---------+---------+-------
